General information
			
			
        
        - name: jay
 
        - type: Custom game
 
        - host: TALONSAREIMBA
 
        - saver: TALONSAREIMBA
 
        
map: TwistedMeadows 
        - players: 3
 
        - length: 13:34
 
        - speed: Fast
 - version: 1.22 W3XP
 - replay type:  Public
 
» download(110 KB)
Players
        team 1 (winner) 
              
              
TALONSAREIMBA (
pink | 159 APM | 2151 actions | 13:34)
              
 3 Archmage 
 2 Summon Water Elemental
 1 Brilliance Aura
 3 Mountain King 
 2 Storm Bolt
 1 Bash
 
                » actions 
                
                | Assign group hotkey | 39 |  | 
| Basic commands | 175 |  | 
| Build / train | 49 |  | 
| ESC pressed | 3 |  | 
| Enter build submenu | 16 |  | 
| Enter hero's abilities submenu | 6 |  | 
| Right click | 1066 |  | 
| Select / deselect | 472 |  | 
| Select group hotkey | 275 |  | 
| Use ability | 50 |  | 
                2151 total
 » units 
                
                | Peasant | 9 |  | 
| Footman | 4 |  | 
| Rifleman | 11 |  | 
| Sorceress | 3 |  | 
| Priest | 2 |  | 
| Spell Breaker | 1 |  | 
                30 total
 » upgrades
                
                | Masonry | 1 |  | 
| Long Rifles | 1 |  | 
| Sorceress Training | 1 |  | 
| Priest Training | 1 |  | 
                4 total
 » buildings
                
                | Altar of Kings | 1 |  | 
| Farm | 8 |  | 
| Barracks | 1 |  | 
| Scout Tower | 1 |  | 
| Arcane Tower | 1 |  | 
| Blacksmith | 1 |  | 
| Lumber Mill | 1 |  | 
| Arcane Vault | 1 |  | 
| Keep | 1 |  | 
| Arcane Sanctum | 2 |  | 
| Castle | 1 |  | 
                19 total
 » build order
                00:04 Altar of Kings
00:06 Farm
00:24 Barracks
00:41 Farm
01:35 Scout Tower
02:07 Arcane Tower
02:25 Farm
02:35 Farm
02:44 Blacksmith
03:07 Farm
03:10 Lumber Mill
04:39 Arcane Vault
05:10 Keep
05:28 Farm
06:25 Farm
08:22 Arcane Sanctum
11:20 Farm
11:57 Arcane Sanctum
12:44 Castle
» items
                
                | Scroll of Regeneration | 2 |  | 
| Lesser Clarity Potion | 2 |  | 
                4 total
  
               team 2 (loser) 
              
              
CruelJustice (
red | 185 APM | 2503 actions | 13:33)
              
 3 Goblin Alchemist 
 1 Chemical Rage
 2 Acid Bomb
 
                » actions 
                
                | Assign group hotkey | 34 |  | 
| Basic commands | 40 |  | 
| Build / train | 54 |  | 
| Enter build submenu | 14 |  | 
| Enter hero's abilities submenu | 3 |  | 
| Remove unit from queue | 11 |  | 
| Right click | 1097 |  | 
| Select / deselect | 292 |  | 
| Select group hotkey | 850 |  | 
| Use ability | 108 |  | 
                2503 total
 » units 
                
                | Wisp | 12 |  | 
| Huntress | 8 |  | 
| Druid of the Claw | 6 |  | 
                26 total
 » upgrades
                
                | Sentinel | 1 |  | 
| Druid of the Claw Training | 1 |  | 
                2 total
 » buildings
                
                | Altar of Elders | 1 |  | 
| Moon Well | 4 |  | 
| Hunter's Hall | 1 |  | 
| Ancient of War | 4 |  | 
| Tree of Ages | 1 |  | 
| Ancient of Lore | 2 |  | 
| Ancient of Wonders | 1 |  | 
| Tree of Eternity | 4 |  | 
                18 total
 » build order
                00:06 Altar of Elders
00:18 Moon Well
01:48 Hunter's Hall
01:50 Ancient of War
02:03 Moon Well
02:35 Ancient of War
03:09 Ancient of War
03:34 Ancient of War
04:19 Moon Well
05:07 Tree of Ages
06:10 Moon Well
07:58 Ancient of Lore
07:59 Ancient of Lore
08:16 Ancient of Wonders
11:29 Tree of Eternity
11:29 Tree of Eternity
11:29 Tree of Eternity
11:30 Tree of Eternity
» items
                
                | Boots of Speed | 2 |  | 
| Potion of Healing | 1 |  | 
                3 total
  
               observersPiNKGLiTTeRBuG Chat log
          (00:16 / All) TALONSAREIMBA: viva la vida - coldplay
(00:19 / All) TALONSAREIMBA: on loop
(00:34 / All) CruelJustice: i was orc
(00:38 / All) CruelJustice: my worst race
(00:46 / All) TALONSAREIMBA: dave is no soloer
(00:53 / All) CruelJustice: im drunk
(00:54 / All) CruelJustice: ..
(00:59 / All) CruelJustice: take ur excuse
(01:02 / All) CruelJustice: all are good though
(01:21 / All) CruelJustice: btw necro
(01:23 / All) CruelJustice: im drunk
(01:24 / All) CruelJustice: so dont copy
(01:26 / All) CruelJustice: this strat
(01:29 / All) CruelJustice: did u make obs
(01:29 / All) CruelJustice: ?
(01:31 / All) TALONSAREIMBA: yeah
(01:38 / All) CruelJustice: not ref
(01:39 / All) CruelJustice: ..
(01:42 / All) CruelJustice: poor guy cant talk back
(01:52 / All) TALONSAREIMBA: he can laugh quietly
(02:00 / All) CruelJustice: ooh
(13:32 / All) CruelJustice: gg